Map: Cosmic Sapphire

Players

csfalcon

  • Race: Terran Terran
  • Spawn Location: 5:00

LunaSea - Winner!

  • Race: Protoss Protoss
  • Spawn Location: 11:00

Event: DreamHack SC2 Masters 2022 Atlanta (Offline)

VOD

Have the link to the VOD?

Description

Time

  • Played on: Nov. 18, 2022, 10:46 a.m.
  • Length: 8:18

All games in this series

Show
View Real Time Build Order
Export as new Build Order

csfalcon Terran 

Build Orders: Liberator Opening, Reaper Expand 

Get SALT Encoding   

  12  0:00  SCV  
  13  0:12  SCV  
  14  0:16  Supply Depot  
  14  0:24  SCV  
  15  0:38  SCV  
  15  0:39  Barracks  
  16  0:43  Refinery  
  16  0:50  SCV  
  17  1:02  SCV  
  18  1:14  SCV  
  19  1:27  Reaper, Orbital Command  
  20  1:47  Command Center  
  20  1:54  SCV  
  21  1:56  Refinery  
  21  2:09  SCV  
  21  2:10  Factory  
  21  2:14  Supply Depot  
  22  2:20  Barracks Reactor  
  23  2:22  SCV  
  23  2:39  SCV  
  23  2:52  SCV  
  23  2:54  Factory Tech Lab  
  23  2:55  Starport  
  23  2:56  Marine x2  
  26  3:04  SCV  
  26  3:13  Cyclone  
  26  3:14  Marine x2  
  26  3:17  Orbital Command  
  31  3:23  SCV  
  32  3:32  Liberator  
  35  3:34  Marine  
  35  3:35  SCV, Marine  
  37  3:46  SCV  
  37  3:47  SCV  
  39  3:52  Marine  
  39  3:54  Supply Depot  
  39  3:55  Cyclone  
  43  3:58  SCV  
  44  4:04  SCV  
  44  4:05  Marine  
  46  4:10  Supply Depot  
  46  4:16  SCV  
  48  4:18  Starport Reactor  
  48  4:21  Barracks  
  48  4:24  Barracks  
  48  4:26  SCV  
  48  4:33  SCV  
  48  4:35  Refinery  
  48  4:36  Supply Depot, Barracks Tech Lab  
  52  4:38  Siege Tank  
  52  4:41  SCV  
  54  4:45  SCV  
  54  4:53  SCV  
  54  4:54  Supply Depot  
  55  5:02  Marine  
  56  5:08  SCV x2  
  55  5:18  Marine x2  
  55  5:19  Supply Depot, Starport Reactor  
  55  5:20  SCV  
  55  5:25  Marauder, Siege Tank  
  60  5:32  SCV x2  
  62  5:37  Marine x4  
  62  5:42  Supply Depot  
  66  5:46  Marauder  
  64  5:59  Marine x2  
  64  6:04  SCV x2  
  68  6:16  SCV x2, Barracks Tech Lab  
  69  6:19  Supply Depot, Marine x2  
  69  6:24  Command Center, Barracks Tech Lab  
  71  6:26  Barracks  
  71  6:27  Barracks, Siege Tank  
  71  6:28  Engineering Bay  
  71  6:30  SCV x2  
  76  6:36  Marauder  
  78  6:42  SCV x2  
  76  6:49  Marine x2  
  76  6:50  Marauder  
  75  6:54  SCV x2  
  75  6:58  Marauder  
  74  7:06  SCV x2  
  74  7:08  Marine  
  76  7:15  Marine x3  
  78  7:18  SCV x2  
  81  7:23  Marauder x2  
  81  7:26  Missile Turret  
  81  7:27  Marine  
  86  7:30  SCV x2  
  86  7:33  Marine  
  89  7:38  Barracks Reactor, Barracks Tech Lab  
  89  7:39  Orbital Command  
  89  7:44  Engineering Bay  
  89  7:50  Marauder x2  
  96  7:53  SCV x2  
  96  7:55  Starport  
Show
View Real Time Build Order
Export as new Build Order

LunaSea Protoss - Winner!

Build Orders: 1 Gate Expand, Blink Stalkers 

Get SALT Encoding   

  12  0:00  Probe  
  13  0:12  Probe  
  14  0:17  Pylon  
  14  0:24  Probe (Chrono Boost)  
  16  0:35  Gateway  
  16  0:36  Probe (Chrono Boost)  
  16  0:42  Probe (Chrono Boost)  
  16  0:45  Assimilator  
  17  0:51  Probe  
  18  1:03  Probe  
  19  1:15  Probe  
  20  1:22  Cybernetics Core  
  20  1:30  Nexus  
  20  1:34  Probe  
  21  1:40  Assimilator  
  21  1:45  Pylon  
  22  1:57  Adept (Chrono Boost)  
  23  2:02  Warp Gate  
  23  2:03  Probe (Chrono Boost)  
  24  2:16  Probe (Chrono Boost)  
  24  2:21  Probe (Chrono Boost)  
  25  2:23  Twilight Council  
  25  2:27  Adept  
  27  2:34  Probe  
  28  2:39  Gateway  
  28  2:45  Probe  
  28  2:46  Probe  
  30  2:51  Blink (Chrono Boost)  
  30  2:57  Probe  
  30  2:58  Probe  
  32  3:04  Adept  
  34  3:09  Probe  
  34  3:10  Probe  
  36  3:21  Probe  
  36  3:24  Gateway  
  36  3:26  Probe  
  38  3:31  Robotics Facility  
  38  3:33  Probe  
  39  3:38  Probe, Pylon  
  40  3:45  Probe  
  41  3:49  Pylon  
  41  3:50  Probe  
  41  3:51  Stalker  
  41  3:52  Stalker  
  46  3:57  Probe  
  45  4:03  Probe  
  46  4:14  Warp Prism (Chrono Boost), Pylon  
  46  4:18  Stalker x2  
  46  4:20  Stalker  
  54  4:25  Probe, Pylon  
  54  4:30  Probe, Assimilator  
  56  4:37  Probe  
  57  4:41  Stalker x2  
  57  4:42  Probe  
  62  4:48  Stalker  
  63  5:04  Pylon  
  63  5:13  Stalker x2  
  67  5:23  Probe  
  67  5:25  Pylon  
  68  5:30  Stalker  
  68  5:31  Probe  
  68  5:34  Nexus  
  68  5:35  Pylon  
  71  5:37  Probe  
  71  5:40  Pylon  
  70  5:50  Probe  
  70  5:52  Zealot x2  
  74  6:06  Probe  
  74  6:09  Charge, Gateway  
  74  6:10  Gateway, Forge  
  75  6:17  Observer (Chrono Boost)  
  75  6:18  Probe x2  
  76  6:20  Shield Battery  
  76  6:29  Immortal (Chrono Boost)  
  76  6:30  Probe  
  76  6:31  Gateway  
  81  6:33  Gateway  
  81  6:41  Zealot x3  
  87  6:54  Probe (Chrono Boost)  
  87  6:55  Probe (Chrono Boost)  
  87  7:00  Probe (Chrono Boost)  
  88  7:04  Probe (Chrono Boost)  
  88  7:07  Zealot x5  
  88  7:08  Probe (Chrono Boost)  
  98  7:09  Probe x2 (Chrono Boost)  
  100  7:18  Probe  
  100  7:21  Probe x2  
  103  7:25  Gateway  
  103  7:27  Pylon  
  103  7:28  Zealot x3  
  109  7:34  Pylon  
  109  7:37  Templar Archives  
  109  7:45  Probe x3  
  109  7:50  Pylon  
  112  7:59  Zealot x5  
  112  8:00  Zealot  
  120  8:09  Nexus  
  110  8:16  Zealot x2  
Tags
 
Add a new tag
Caveats
  • Supply blocks, unpowered buildings, or Contaminate may cause inaccurate times.
  • Supply counts are checked every 10 seconds.